 Dungeon Sprint DCSS version 0.27-a0-684-g359e429f13 (webtiles) character file.

Game seed: 16929553486007782439

10 Gaff the Vandal (level 2, -2/19 HPs)
             Began as a Halfling Hunter on Mar 20, 2021.
             Splashed by an oklob sapling's acid (12 damage)
             ... in the Dungeon (Sprint IV: "Fedhas' Mad Dash").
             The game lasted 00:00:56 (57 turns).

Gaff the Vandal (Halfling Hunter)                     Turns: 57, Time: 00:00:57

Health: -2/19      AC: -1    Str: 13    XL:     2   Next: 30%
Magic:  2/2        EV: 15    Int:  9    God:
Gold:   8          SH:  0    Dex: 14    Spells: 1/1 levels left

rFire    . . .     SeeInvis .   a - +1 hunting sling
rCold    . . .     Faith    .   (shield restricted)
rNeg     . . .     Spirit   .   c - +0 leather armour
rPois    .         Reflect  .   (no helmet)
rElec    .         Harm     .   (no cloak)
rCorr    .         Rampage  .   (no gloves)
Will     .....     NoTele   +   (no boots)
Stlth    +.........             (no amulet)
HPRegen  0.06/turn              (no ring)
MPRegen  0.08/turn              (no ring)

@: corroded
A: small, no large weapons, mutation resistance 1
a: no special abilities


You were in the Dungeon.
You visited 1 branch You collected 8 gold pieces.

Inventory:

Hand Weapons
 a - a +1 hunting sling (weapon)
 b - a +0 short sword
Missiles
 d - 15 sling bullets (quivered ammo)
Armour
 c - a +0 leather armour (worn)
Scrolls
 j - a scroll of blinking
Potions
 e - a potion of curing
 f - a potion of heal wounds
 g - a potion of haste
 h - 2 potions of magic
 i - a potion of berserk rage


   Skills:
 - Level 1.7 Fighting
 * Level 7.7 Slings
 + Level 3.4 Dodging
 - Level 1.1 Stealth


You had one spell level left.
You didn't know any spells.
Your spell library was empty.

Dungeon Overview and Level Annotations

Branches:
Dungeon (1/1)

Altars:

Annotations:
D exclusion: oklob sapling


Innate Abilities, Weirdness & Mutations

You are small and have problems with some larger weapons.
You are somewhat resistant to further mutation.


Message History

d - 20 sling bullets (gained 1)
You now have 8 gold pieces.
You open the door.
An oklob sapling comes into view.
The oklob sapling spits acid at you. The splash of acid misses you.
Marking area around an oklob sapling as unsafe for travelling.
Found 35 gold pieces.
a - a +1 hunting sling (weapon)
Really walk into a travel-excluded area?
Fire: 20 sling bullets
Press: ? - help, Q - select action Shift-Dir - straight line, f - oklob sapling
Aim: an oklob sapling (98% to hit)
You shoot a sling bullet.
The sling bullet hits the oklob sapling but does no damage.
Fire: 19 sling bullets
Press: ? - help, Q - select action Shift-Dir - straight line, f/p - oklob sapling
Aim: an oklob sapling (98% to hit)
You shoot a sling bullet.
The sling bullet hits the oklob sapling.
The oklob sapling is moderately damaged.
Fire: 18 sling bullets
Press: ? - help, Q - select action Shift-Dir - straight line, f/p - oklob sapling
Aim: an oklob sapling (moderately damaged, 98% to hit)
You shoot a sling bullet.
The sling bullet hits the oklob sapling but does no damage.
The oklob sapling is moderately damaged.
Fire: 17 sling bullets
Press: ? - help, Q - select action Shift-Dir - straight line, f/p - oklob sapling
Aim: an oklob sapling (moderately damaged, 98% to hit)
You shoot a sling bullet.
The sling bullet hits the oklob sapling but does no damage.
The oklob sapling is moderately damaged.
You shoot a sling bullet.
The sling bullet hits the oklob sapling but does no damage.
The oklob sapling is moderately damaged.
The oklob sapling spits acid at you. The splash of acid hits you!
The acid corrodes you!
You are splashed with acid!
Ouch! That really hurt!
You die...

############ #####
#<...#.....#.$$$$#
#PP..'@....'.#
#PPPP#.....#P#
############ #


You could see an oklob sapling.

Vanquished Creatures
  A river rat (D)
  A rat (D)
2 creatures vanquished.

Vanquished Creatures (others)
  A fungus (D)
1 creature vanquished.

Grand Total: 3 creatures vanquished

Notes
Turn   | Place    | Note
-------+----------+-------------------------------------------
     0 | D        | Gaff the Halfling Hunter began the quest for the Orb.
     0 | D        | Reached XP level 1. HP: 14/14 MP: 1/1
    23 | D        | Reached skill level 7 in Slings
    23 | D        | Reached XP level 2. HP: 19/19 MP: 2/2
    46 | D        | Noticed an oklob sapling
    57 | D        | Splashed by an oklob sapling's acid

Illustrated notes

Levels and vault maps discovered:
D:        dungeon_sprint_fedhas [sprint_temple]

Skill      XL: |  1 |
---------------+----+-----
Slings         | 7 |  7.7
Dodging        | 3 |  3.4
Fighting       | |  1.7
Stealth        | |  1.1

Action                   || total
-------------------------++-------
Melee: Short sword       ||     2
 Fire: Hunting sling     ||    12
Dodge: Dodged            ||     2

Table legend: (Time is in decaauts)
 A = Elapsed time spent in this place.
 B = Non-inter-level travel time spent in this place.
 C = Inter-level travel time spent in this place.
 D = Time resting spent in this place.
 E = Time spent auto-exploring this place.
 F = Levels seen in this place.
 G = Mean time per level.
                   A        B        C        D        E       F      G
               +--------+--------+--------+--------+--------+-----+--------+
         Total |     53 |     53 |      0 |      0 |      0 |   1 |   53.0 |
       Dungeon |     53 |     53 |      0 |      0 |      0 |   1 |   53.0 |
               +--------+--------+--------+--------+--------+-----+--------+

Top non-repeatable levels by time:
       D: 53 daAuts
